 Dungeon Crawl Stone Soup version 0.21.1-1-g345015f (webtiles) character file.

331 Fang the Chopper (level 6, 0/39 HPs)
             Began as a Gargoyle Berserker on June 10, 2018.
             Was a Priest of Trog.
             Slain by yang's ghost (1 damage)
             ... on level 4 of the Dungeon.
             The game lasted 00:03:50 (3901 turns).

Fang the Chopper (Gargoyle Berserker)               Turns: 3901, Time: 00:03:51

Health: 0/39       AC:  6    Str: 22    XL:     6   Next: 52%
Magic:  6/6        EV: 12    Int:  8    God:    Trog [***...]
Gold:   248        SH:  0    Dex:  9    Spells: 5/5 levels left

rFire    + . .     SeeInvis +   a - +0 hand axe
rCold    . . .     Gourm    .   (no shield)
rNeg     + . .     Faith    .   b - +0 animal skin
rPois    ∞         Spirit   .   (no helmet)
rElec    +         Reflect  .   (no cloak)
rCorr    .         Harm     .   (no gloves)
MR       .....                  (no boots)
Stlth    +.........             (no amulet)
HPRegen  0.13/turn              e - ring of see invisible
MPRegen  0.10/turn              t - ring of protection from fire

@: berserk cooldown, slowed, very slow
A: negative energy resistance 1, electricity resistance, unbreathing,
petrification resistance, rot immunity, AC +4
a: Berserk, Trog's Hand, Burn Spellbooks, Renounce Religion


You were on level 4 of the Dungeon.
You worshipped Trog.
Trog was most pleased with you.
You were not hungry.

You visited 1 branch of the dungeon, and saw 4 of its levels.

You collected 248 gold pieces.

Inventory:

Hand Weapons
 a - a +0 hand axe (weapon)
Armour
 b - a +0 animal skin (worn)
Jewellery
 e - a ring of see invisible (left hand)
 t - a ring of protection from fire (right hand)
Scrolls
 g - 5 scrolls of identify
 h - 2 scrolls of immolation
 i - a scroll of blinking
 j - 3 scrolls of amnesia
 l - 2 scrolls of teleportation
 n - a scroll of remove curse
 o - a scroll of noise {unknown}
 p - a scroll of enchant weapon {unknown}
 u - a scroll of fog {unknown}
Potions
 f - a potion of curing
 k - a potion of heal wounds {unknown}
 m - a potion of magic {unknown}
 q - 2 potions of agility {unknown}
 v - a potion of degeneration {unknown}
Comestibles
 c - 6 rations


   Skills:
 + Level 4.5 Fighting
 + Level 4.6 Axes
 + Level 2.5 Armour
 + Level 3.0 Dodging
 + Level 1.7 Stealth


You had 5 spell levels left.
You didn't know any spells.

Dungeon Overview and Level Annotations

Branches:
Dungeon (4/15)
 Temple: D:4-7

Altars:
Ashenzari
Hepliaklqana
Xom
Zin

Annotations:
D:4 yang's ghost, amateur DsGl


Innate Abilities, Weirdness & Mutations

You are resistant to torment.
Your stone body is resilient. (AC +4)
You are immune to poison.
You resist negative energy. (rN+)
You are resistant to electric shocks. (rElec)
You can survive without breathing.
You are immune to petrification.
You are immune to rotting.


Message History

Your unstable footing causes you to fumble your attack.
Yang's ghost whispers, "There is no future for you."
Yang's ghost hits you but does no damage.
Yang's ghost barely misses you.
You hit yang's ghost.
Yang's ghost is almost destroyed.
Yang's ghost completely misses you.
Your unstable footing causes you to fumble your attack.
Yang's ghost hits you.
* * * LOW HITPOINT WARNING * * *
Yang's ghost hits you.
* * * LOW HITPOINT WARNING * * *
You hit yang's ghost but do no damage.
Yang's ghost is almost destroyed.
Yang's ghost hits you but does no damage.
Yang's ghost hits you.
* * * LOW HITPOINT WARNING * * *
Your unstable footing causes you to fumble your attack.
Yang's ghost hits you.
You die...

#)##
#..##*#...###*,,,,,,,,,,* ..#
#..# ##.## **.#*****,**
#.####..# #.######.####**,*
.....#..# #.#..........,,,*
.....#..# #.#.≈≈≈≈.≈≈≈≈≈,,*
.....#..# *...≈≈≈≈.≈≈≈≈≈,,*
........# **#?≈≈≈≈.≈≈≈≈≈,,*
.....#.########.≈≈≈≈.≈≈≈≈≈,,*
[<..............@W≈≈.....,,,*
.....#########........≈≈≈≈,,*
###### #..≈≈≈≈≈.≈≈≈≈,,*
#..≈≈≈≈≈.≈≈≈≈,**
#..≈≈≈≈≈.≈≈≈≈,*
#..≈≈≈≈≈.≈≈≈≈,*
#...........,,*
#)..........,,*
#########******


You could see yang's ghost.

Vanquished Creatures
  An ogre (D:3)
  A big kobold (D:3)
  Crazy Yiuf (D:2)
  4 adders
  4 worms (D:3)
  5 dart slugs
  3 leopard geckos
  4 orcs (D:3)
  10 bats
  2 giant cockroaches
  8 goblins
  8 hobgoblins
  6 jackals
  14 kobolds
  A quokka (D:4)
  3 ball pythons
  3 frilled lizards
  5 rats
83 creatures vanquished.

Notes
Turn   | Place    | Note
-------+----------+-------------------------------------------
     0 | D:1      | Fang the Gargoyle Berserker began the quest for the Orb.
     0 | D:1      | Reached XP level 1. HP: 14/14 MP: 1/1
   114 | D:1      | Reached XP level 2. HP: 12/20 MP: 2/2
   562 | D:1      | Reached XP level 3. HP: 11/24 MP: 3/3
   897 | D:1      | Reached ** piety under Trog
  1599 | D:2      | Reached XP level 4. HP: 28/29 MP: 4/4
  1672 | D:2      | Found a runed door.
  1910 | D:2      | Found a glowing silver altar of Zin.
  1917 | D:2      | Found a shimmering altar of Xom.
  1923 | D:2      | Found a hazy altar of Hepliaklqana.
  2344 | D:2      | Noticed Crazy Yiuf
  2351 | D:2      | Killed Crazy Yiuf
  2531 | D:3      | Reached skill level 1 in Stealth
  2628 | D:3      | Reached XP level 5. HP: 26/33 MP: 5/5
  2643 | D:3      | Found a shattered altar of Ashenzari.
  2721 | D:3      | Noticed an ogre
  2735 | D:3      | Killed an ogre
  3013 | D:3      | Reached XP level 6. HP: 37/39 MP: 6/6
  3437 | D:3      | Reached *** piety under Trog
  3868 | D:4      | Noticed yang's ghost (amateur DsGl)
  3900 | D:4      | HP: 1/39 [yang's ghost (5)]
  3901 | D:4      | Slain by yang's ghost

Skill      XL: |  1  2  3  4  5  6 |
---------------+-------------------+-----
Axes           | 3 4 |  4.6
Dodging        | 2 3 |  3.0
Fighting       | 4 |  4.5
Stealth        | 1 |  1.7
Armour         | |  2.5

Action                   |  1- 3 |  4- 6 || total
-------------------------+-------+-------++-------
Melee: Hand axe          |   149 |   256 ||   405
Invok: Berserk           |       |     3 ||     3
  Use: Scroll            |       |     7 ||     7
 Stab: Sleeping          |     1 |     2 ||     3
       Invisible         |       |     1 ||     1
  Eat: Chunk             |     2 |     5 ||     7
       Ration            |       |     2 ||     2
Armor: Animal skin       |    48 |    78 ||   126
Dodge: Dodged            |   113 |   170 ||   283
